 Dungeon Crawl Stone Soup version 0.25.0-41-g26779e291d (webtiles) character file.

Game seed: 7740348764203115086

106 funkygono the Firebug (level 4, -4/33 HPs)
             Began as a Draconian Fire Elementalist on July 10, 2020.
             Slain by an orc warrior
             ... wielding a +0 war axe
              (21 damage)
             ... on level 3 of the Dungeon.
             The game lasted 00:04:42 (2188 turns).

funkygono the Firebug (Draconian Fire Elementalist) Turns: 2188, Time: 00:04:45

Health: -4/33      AC:  6    Str: 10    XL:     4   Next: 55%
Magic:  2/8        EV: 12    Int: 17    God:
Gold:   60         SH:  0    Dex: 11    Spells: 3/8 levels left

rFire    + . .     SeeInvis .   j - +2 dagger (venom)
rCold    x . .     Gourm    .   (no shield)
rNeg     . . .     Faith    .   (armour unavailable)
rPois    .         Spirit   .   (helmet restricted)
rElec    .         Reflect  .   (no cloak)
rCorr    .         Harm     .   g - +0 pair of gloves
MR       .....                  (no boots)
Stlth    ++........             (no amulet)
HPRegen  0.11/turn              h - ring of fire
MPRegen  0.11/turn              (no ring)

@: no status effects
A: unfitting armour, cold-blooded, AC +5
a: no special abilities


You were on level 3 of the Dungeon.
You were not hungry.

You visited 1 branch of the dungeon, and saw 3 of its levels.

You collected 60 gold pieces.

Inventory:

Hand Weapons
 c - a +0 dagger
 j - a +2 dagger of venom (weapon)
Missiles
 d - 91 stones (quivered)
Armour
 g - a +0 pair of gloves (worn)
Jewellery
 h - a ring of fire (left hand)
Scrolls
 f - a scroll of remove curse
Potions
 a - a potion of mutation
 e - a potion of brilliance
 i - a potion of stabbing {unknown}
 k - a potion of degeneration {unknown}
 l - a potion of curing
 o - a potion of heal wounds {unknown}
 q - a potion of lignification {unknown}
 r - a potion of flight {unknown}
Comestibles
 b - a ration
 p - a chunk of flesh


   Skills:
 + Level 0.6 Short Blades
 + Level 2.2 Dodging
 + Level 2.0 Stealth
 + Level 2.6 Spellcasting
 + Level 1.8 Conjurations
 + Level 4.1 Fire Magic


You had 3 spell levels left.
You knew the following spells:

 Your Spells              Type           Power        Failure   Level  Hunger
a - Foxfire               Conj/Fire      ###.         5%          1    #......
b - Sticky Flame          Conj/Fire      ###.....     45%         4    #####..

Your spell library contained the following spells:

 Spells                   Type           Power        Failure   Level  Hunger
 Conjure Flame            Conj/Fire      ###.....     16%         3    ###....
 Inner Flame              Hex/Fire       ##......     22%         3    ###....
 Fireball                 Conj/Fire      ###.......   82%         5    ######.


Dungeon Overview and Level Annotations

Branches:
Dungeon (3/15)

Altars:


Innate Abilities, Weirdness & Mutations

Your plain brown scales are hard. (AC +5)
You cannot fit into any form of body armour.
You are cold-blooded and may be slowed by cold attacks.


Message History

The foxfire hits the orc warrior.
The orc warrior resists.
The orc warrior is lightly wounded.
The orc warrior barely misses you.
An orc comes into view.
You hit the orc warrior but do no damage.
The orc warrior is poisoned.
The orc warrior is lightly wounded.
The orc warrior closely misses you.
Casting: Foxfire (safe; 5% risk of failure)
Confirm with . or Enter, or press ? or * to list all spells.
You feel a surge of power!
You conjure some foxfire!
The orc warrior hits you with a +0 war axe!
The orc warrior hits your foxfire with a +0 war axe!
The foxfire hits the orc warrior but does no damage.
The orc warrior is lightly wounded.
The foxfire hits the orc warrior.
The orc warrior resists.
The orc warrior is moderately wounded.
The orc warrior hits you with a +0 war axe!!
Ouch! That really hurt!
You die...

...#..##
..#...
.o...
....#
#...#
#o.)#
#o..##.#.
#@....!..
#ยง..##.##
#...#
.......
.....####
.....##
.....##
....#.#
#....#%.


You could see an orc warrior (very poisoned) and 2 orcs.

Vanquished Creatures
  Robin (D:2)
  3 adders (D:2)
  An ooze (D:2)
  3 dart slugs
  3 leopard geckos
  An orc (D:3)
  4 bats
  A giant cockroach (D:2)
  17 goblins
  8 hobgoblins
  4 kobolds
  A frilled lizard (D:1)
  5 rats
52 creatures vanquished.

Vanquished Creatures (collateral kills)
  A frilled lizard (D:1)
1 creature vanquished.

Vanquished Creatures (others)
  96 foxfires
96 creatures vanquished.

Grand Total: 149 creatures vanquished

Notes
Turn   | Place    | Note
-------+----------+-------------------------------------------
     0 | D:1      | funkygono the Draconian Fire Elementalist began the quest
                  | for the Orb.
     0 | D:1      | Reached XP level 1. HP: 14/14 MP: 3/3
   130 | D:1      | Reached XP level 2. HP: 20/20 MP: 1/5
   785 | D:1      | Reached XP level 3. HP: 26/26 MP: 2/6
  1342 | D:2      | Noticed Robin
  1370 | D:2      | Killed Robin
  1370 | D:2      | Reached skill level 4 in Fire Magic
  1687 | D:2      | Reached XP level 4. HP: 33/33 MP: 4/7
  1693 | D:2      | Learned a level 4 spell: Sticky Flame
  2181 | D:3      | Noticed an orc warrior
  2188 | D:3      | Slain by an orc warrior

Illustrated notes

Levels and vault maps discovered:
D:1:      matt_arrival_debris, layout_basic
D:2:      minmay_angry_zag, layout_basic, uniq_robin
D:3:      minmay_recursive_quarters, layout_basic, first_ration

Skill      XL: |  1  2  3  4 |
---------------+-------------+-----
Dodging        | 2 |  2.2
Fire Magic     | 4 |  4.1
Stealth        | 2 |  2.0
Short Blades   | |  0.6
Spellcasting   | |  2.6
Conjurations   | |  1.8

Action                   |  1- 3 |  4- 6 || total
-------------------------+-------+-------++-------
Melee: Dagger            |    33 |     9 ||    42
       Tailslap          |     2 |       ||     2
 Cast: Foxfire           |    47 |    18 ||    65
  Use: Scroll            |     1 |     3 ||     4
       Potion            |     1 |       ||     1
  Eat: Chunk             |     3 |     2 ||     5
Armor: Skin              |    23 |     5 ||    28
Dodge: Dodged            |    36 |     9 ||    45
